 Dungeon Crawl Stone Soup version 0.30-a0-377-g5cb311bc9f (webtiles) character file.

Game seed: 3622000696993637001

340 tbh1313 the Cudgeller (level 6, 37/37 HPs)
             Began as a Gargoyle Fighter on Nov 18, 2022.
             Quit the game on level 4 of the Dungeon on Nov 29, 2022.
             The game lasted 00:08:36 (3623 turns).

tbh1313 the Cudgeller (Gargoyle Fighter)            Turns: 3623, Time: 00:08:37

Health: 37/37      AC: 13    Str: 22    XL:     6   Next: 56%
Magic:  6/6        EV:  9    Int:  8    God:
Gold:   127        SH:  4    Dex:  9    Spells: 5/5 levels left

rFire   . . .      SeeInvis .    a - +1 flail
rCold   . . .      Faith    .    c - +0 buckler
rNeg    + . .      Spirit   .    i - +0 scale mail
rPois   ∞          Reflect  .    f - +1 helmet
rElec   +          Harm     .    (no cloak)
rCorr   .          Rampage  .    (no gloves)
Will    .....                    (no boots)
Stlth   ..........               s - amulet of regeneration
HPRegen 1.06/turn                (no ring)
MPRegen 0.10/turn                (no ring)

@: no status effects
A: sickness immunity, AC +4, negative energy resistance 1, electricity
resistance, torment resistance 1, petrification resistance
a: no special abilities


You were on level 4 of the Dungeon.
You visited 1 branch of the dungeon, and saw 5 of its levels.

You collected 289 gold pieces.
You spent 162 gold pieces at shops.

Inventory:

Hand Weapons
 a - a +1 flail (weapon)
Armour
 c - a +0 buckler (worn)
 f - a +1 helmet (worn)
 i - a +0 scale mail (worn)
Jewellery
 s - an amulet of regeneration (around neck)
 t - a ring of wizardry
Scrolls
 e - a scroll of poison {unknown}
 g - a scroll of teleportation
 k - a scroll of enchant weapon
 l - a scroll of immolation {unknown}
 m - a scroll of amnesia {unknown}
 p - a scroll of fear {unknown}
 q - a scroll of magic mapping
Potions
 b - a potion of ambrosia {unknown}
 d - a potion of might
 h - a potion of cancellation {unknown}
 j - a potion of heal wounds
 n - 2 potions of flight
 o - a potion of lignification
 r - a potion of haste {unknown}


   Skills:
 - Level 3.2 Fighting
 + Level 5.8 Maces & Flails
 - Level 3.2 Armour
 - Level 5.0 Shields


You had 5 spell levels left.
You didn't know any spells.
Your spell library contained the following spells:

 Spells                   Type           Power      Damage    Failure   Level
 Ozocubu's Armour         Ice            0%         N/A       99%         3
 Portal Projectile        Hex/Tloc       0%         N/A       99%         3
 Tukima's Dance           Hex            0%         N/A       99%         3
 Blade Hands              Tmut           0%         N/A       100%        5
 Ozocubu's Refrigeration  Ice            0%         4d7       100%        7


Dungeon Overview and Level Annotations

Branches:
Dungeon (5/15)             Temple (0/1) D:4

Altars:
Cheibriados
Elyvilon
Kikubaaqudgha
Nemelex Xobeh
Ru
Trog
Xom
Yredelemnul
Zin
The Shining One

Shops:
D:4 (:*


Innate Abilities, Weirdness & Mutations

You are immune to sickness and miasma.
Your stone body is resilient. (AC +4)
You are immune to poison.
You resist negative energy. (rN+)
You are resistant to electric shocks. (rElec)
You are resistant to unholy torment.
You are immune to petrification.


Message History

You climb downwards.
Found 3 large rocks.
There is a stone staircase leading up here.
A scorpion comes into view.
A scorpion is nearby!
You closely miss the scorpion.
The scorpion stings you but does no damage.
You barely miss the scorpion. The scorpion stings you.
The scorpion closely misses you.
You hit the scorpion but do no damage.
The scorpion stings you but does no damage.
You barely miss the scorpion. The scorpion stings you.
You hit the scorpion.
The scorpion is lightly wounded.
You block the scorpion's attack. The scorpion stings you.
You are too injured to fight recklessly!
You are too injured to fight recklessly!
You are too injured to fight recklessly!
You closely miss the scorpion.
The scorpion is lightly wounded.
The scorpion stings you.
You sock the scorpion!
The scorpion is severely wounded.
You block the scorpion's attack. x2
You closely miss the scorpion.
The scorpion is severely wounded.
The scorpion stings you but does no damage.
You sock the scorpion!
You kill the scorpion!
There is a stone staircase leading up here.
You climb upwards.
There is a stone staircase leading down here.
You start resting.
HP restored.
Welcome back, tbh1313 the Gargoyle Fighter.
Press ? for a list of commands and other information.
Saving game... please wait.
Welcome back, tbh1313 the Gargoyle Fighter.
Press ? for a list of commands and other information.
Are you sure you want to abandon this character and quit the game? (Confirm with "yes".)

# #....................#
# #######..............#
# ####...........#
#############...........#
...........##...........#
.#########.#####....#####
.....................#
#....................#
............[...@....#
...........#####.#####
..##.......#####.#
...#.......##....#
....######.##.#### ∩...#
#.##.# ..†.# #.##.# ...##
#.##.# ..## #.##.#


There were no monsters in sight!

Levels and vault maps discovered:
D:1:      mainiacjoe_arrival_reflecting_pool, layout_loops_corners,
          shapermc_ecumenical_altar_mp_ritualfount
D:2:      layout_basic, minivault_25
D:3:      layout_basic, mainiacjoe_overflow_chevrons,
          grunt_temple_overflow_open, minmay_misc_feat_x
D:4:      minmay_door_path, layout_basic, amcnicky_altar_gilded,
          minmay_temple_entry_overgrown, serial_shops,
          nicolae_shop_bloodbath_and_beyond, kennysheep_mini_moat,
          nicolae_inconvenience_store
D:5:      minmay_spotlight, layout_cave_pools, serial_gnoll_camp,
          gnoll_camp_mini_hut, gnoll_camp_mini_hut, gnoll_camp_mini_hut,
          gnoll_camp_mini_basic, gnoll_camp_huts_moat, gnoll_camp_medium_02,
          uniq_blork_the_orc

Notes
Turn   | Place    | Note
-------+----------+-------------------------------------------
     0 | D:1      | tbh1313 the Gargoyle Fighter began the quest for the Orb.
     0 | D:1      | Reached XP level 1. HP: 14/14 MP: 1/1
   119 | D:1      | Reached XP level 2. HP: 17/19 MP: 2/2
   261 | D:1      | Found a faded altar of an unknown god.
   776 | D:1      | Reached XP level 3. HP: 23/23 MP: 3/3
  1476 | D:2      | Reached XP level 4. HP: 26/28 MP: 4/4
  1891 | D:3      | Found an ancient bone altar of Kikubaaqudgha.
  2069 | D:3      | Found a sparkling altar of Nemelex Xobeh.
  2247 | D:3      | Found a snail-covered altar of Cheibriados.
  2247 | D:3      | Found a basalt altar of Yredelemnul.
  2248 | D:3      | Found a glowing silver altar of Zin.
  2248 | D:3      | Found a bloodstained altar of Trog.
  2249 | D:3      | Found a shimmering altar of Xom.
  2249 | D:3      | Found a sacrificial altar of Ru.
  2260 | D:3      | Found a white marble altar of Elyvilon.
  2635 | D:4      | Found Wiamuohi's Weapon Emporium.
  2771 | D:4      | Found Roguhicum's Book Shop.
  2815 | D:4      | Reached XP level 5. HP: 32/32 MP: 5/5
  2822 | D:4      | Reached skill level 5 in Shields
  2855 | D:4      | Found Hugamem's General Store.
  2858 | D:4      | Bought a potion of flight for 39 gold pieces
  2858 | D:4      | Bought a scroll of identify for 26 gold pieces
  2858 | D:4      | Bought a scroll of magic mapping for 97 gold pieces
  3175 | D:4      | Found a staircase to the Ecumenical Temple.
  3410 | D:4      | Reached XP level 6. HP: 37/37 MP: 6/6
  3414 | D:4      | Reached skill level 5 in Maces & Flails
  3443 | D:4      | Found a glowing golden altar of the Shining One.
  3603 | D:5      | Entered Level 5 of the Dungeon
  3623 | D:4      | Upgraded the game from 0.30-a0-368-g86fb4627a9 to
                  | 0.30-a0-377-g5cb311bc9f
  3623 | D:4      | Quit the game

Table legend: (Time is in decaauts)
 A = Elapsed time spent in this place.
 B = Non-inter-level travel time spent in this place.
 C = Inter-level travel time spent in this place.
 D = Time resting spent in this place.
 E = Time spent auto-exploring this place.
 F = Levels seen in this place.
 G = Mean time per level.
                   A        B        C        D        E       F      G
               +--------+--------+--------+--------+--------+-----+--------+
         Total |   3700 |   3484 |    216 |    141 |   2649 |   5 |  740.0 |
       Dungeon |   3700 |   3484 |    216 |    141 |   2649 |   5 |  740.0 |
               +--------+--------+--------+--------+--------+-----+--------+

Top non-repeatable levels by time:
     D:4: 1009 daAuts
     D:1: 1007 daAuts
     D:2: 919 daAuts
     D:3: 747 daAuts
     D:5: 16 daAuts

Table legend:
 A = Kills in this place as a percentage of kills in entire the game.
 B = Kills by you in this place as a percentage of kills by you in the entire game.
 C = Kills by friends in this place as a percentage of kills by friends in the entire game.
 D = Other kills in this place as a percentage of other kills in the entire game.
 E = Experience gained in this place as a percentage of experience gained in the entire game.
 F = Experience gained in this place divided by the number of levels of this place that you have seen.
                   A       B       C       D       E      F
               +-------+-------+-------+-------+-------+----------------------
         Total | 100.0 | 100.0 |   N/A |   N/A | 100.0 |  97.4
       Dungeon | 100.0 | 100.0 |   N/A |   N/A | 100.0 |  97.4
               +-------+-------+-------+-------+-------+----------------------

Action                   |  1- 3 |  4- 6 || total
-------------------------+-------+-------++-------
Melee: Flail             |   117 |   173 ||   290
  Use: Scroll            |     1 |     2 ||     3
       Potion            |       |     3 ||     3
Armor: Scale mail        |    78 |   113 ||   191
Dodge: Dodged            |    60 |   105 ||   165
Block: Buckler           |    30 |    52 ||    82

Vanquished Creatures
  A scorpion (D:5)
  3 orc priests (D:4)
  A hound (D:4)
  4 gnolls (D:4)
  2 adders (D:2)
  An ufetubus (D:4)
  A worm (D:2)
  A dart slug (D:1)
  13 orcs
  6 ball pythons
  7 endoplasms
  2 giant cockroaches
  9 hobgoblins
  4 jackals (D:3)
  2 quokkas
  6 bats
  5 frilled lizards
  6 goblins
  10 kobolds
  5 rats
89 creatures vanquished.

Vanquished Creatures (others)
  A fungus (D:1)
  2 plants (D:1)
3 creatures vanquished.

Grand Total: 92 creatures vanquished
